cohdb
Replays
Latest Replays
All Replays
Popular Replays
Top Player Replays
Match Explorer
How It Works
Community
CoH3 Stats
Reddit
Sign in to upload your games and track your stats! →
Sign in with Steam
Match 45434002
Unlisted
Match 45434002
Overview
Messages
Build Orders
End
Royal Engineer Section
Construct Section Command Post
Infantry Section
Vickers Machine Gun Team
Infantry Section
Construct Platoon Command Post
Selects Air and Sea Battlegroup
Selects Commando Section Paradrop
Commando Section Paradrop
ML 3-inch Mortar Team
Commando Section Paradrop
Construct Company Command Post
Selects M1 Pack Howitzer Paradrop
Selects Anti-tank Rocket Loiter
Crusader II Medium Tank
Vickers Machine Gun Team
Anti-tank Rocket Loiter
Selects Supply Surplus
Selects UNKNOWN (223837)
Crusader II Medium Tank
tk4928
peterp
Doctor
crywo1f
irbo84
Ace-sa
0
0
Comments
sign in to comment!
No comments posted yet!